 Dungeon Crawl Stone Soup version 0.26-a0-651-gb41185065b (webtiles) character file.

Game seed: 16362788436461006065

2766 Lanoc the Destroyer (level 9, -1/45 HPs)
             Began as a Deep Elf Conjurer on Oct 9, 2020.
             Was an Elder of Uskayaw.
             Slain by a death yak (24 damage)
             ... on level 8 of the Dungeon.
             The game lasted 00:16:22 (6771 turns).

Lanoc the Destroyer (Deep Elf Conjurer)             Turns: 6771, Time: 00:16:22

Health: -1/45      AC:  2    Str:  4    XL:     9   Next: 42%
Magic:  6/15       EV: 32    Int: 33    God:    Uskayaw [****..]
Gold:   392        SH:  0    Dex: 13    Spells: 11/14 levels left

rFire    . . .     SeeInvis .   a - +5 dagger (vamp)
rCold    . . .     Faith    .   (no shield)
rNeg     . . .     Spirit   .   r - +0 robe of Kikubaaqudgha's Fury {rCorr}
rPois    .         Reflect  .   (helmet restricted)
rElec    .         Harm     .   (no cloak)
rCorr    +         Rampage  .   (no gloves)
MR       .....                  (no boots)
Stlth    ++........             o - amulet of the acrobat
HPRegen  0.15/turn              i - +6 ring of intelligence
MPRegen  0.14/turn              (no ring)

@: acrobat
A: horns 1, wild magic 1
a: Stomp, Line Pass, Renounce Religion


You were on level 8 of the Dungeon.
You worshipped Uskayaw.
Uskayaw was noncommittal.
You visited 2 branches of the dungeon, and saw 9 of its levels.
You also visited: Sewer and Ossuary.

You collected 392 gold pieces.

Inventory:

Hand Weapons
 a - a +5 vampiric dagger (weapon)
Armour
 r - the +0 robe of Kikubaaqudgha's Fury (worn) {rCorr}
   (You found it on level 5 of the Dungeon)

   It provides partial protection from all sources of acid and corrosion.
Jewellery
 i - a +6 ring of intelligence (left hand)
 o - an amulet of the acrobat (around neck)
 x - a cursed -4 ring of intelligence
Wands
 g - a wand of random effects (8)
 l - a wand of iceblast (19)
 u - a wand of digging (5)
Scrolls
 b - a scroll of blinking {unknown}
 c - 6 scrolls of teleportation
 f - 2 scrolls of amnesia
 h - 2 scrolls of enchant weapon
 k - a scroll of remove curse
 v - a scroll of silence {unknown}
Potions
 d - a potion of curing
 e - 6 potions of stabbing
 j - 3 potions of brilliance
 m - 2 potions of invisibility
 n - a potion of ambrosia
 p - 2 potions of flight
 q - 2 potions of might
 s - 5 potions of lignification
 t - a potion of haste
 w - a potion of heal wounds


   Skills:
 + Level 8.4 Dodging
 - Level 2.4 Stealth
 - Level 3.0 Spellcasting
 * Level 11.1 Conjurations
 * Level 6.2 Invocations


You had 11 spell levels left.
You knew the following spells:

 Your Spells              Type           Power        Failure   Level
a - Magic Dart            Conj           ####         1%          1
b - Searing Ray           Conj           ######       1%          2

Your spell library contained the following spells:

 Spells                   Type           Power        Failure   Level
 Dazzling Flash           Conj/Hex       ######       3%          3
 Fulminant Prism          Conj/Hex       ######....   10%         4
 Iskenderun's Mystic Bla  Conj/Tloc      ######..     10%         4
 Confusing Touch          Hex            #.......     24%         3
 Gell's Gravitas          Tloc           #.........   24%         3
 Petrify                  Tmut/Erth      #.......     58%         4
 Metabolic Englaciation   Hex/Ice        #.........   89%         5
 Yara's Violent Unravell  Hex/Tmut       #.........   89%         5


Dungeon Overview and Level Annotations

Branches:
Dungeon (8/15)             Temple (1/1) D:7           Sewer (visited)
Ossuary (visited)
   Lair: D:8-11

Altars:
Ashenzari
Cheibriados
Dithmenos
Elyvilon
Fedhas
Gozag
Hepliaklqana
Kikubaaqudgha
Makhleb
Nemelex Xobeh
Okawaru
Qazlal
Ru
Sif Muna
Trog
Uskayaw
Vehumet
Wu Jian
Xom
Yredelemnul
Zin
The Shining One


Innate Abilities, Weirdness & Mutations

You have a pair of small horns on your head.
Your spells are a little harder to cast, but a little more powerful.


Message History

Uskayaw prepares the audience for your solo!
The searing ray hits the death yak!
The death yak is heavily wounded.
The searing ray hits the death yak.
The death yak is lightly wounded.
The searing ray hits the orc wizard!
The orc wizard is almost dead.
The death yak is no longer paralysed. x2; The death yak gores you.
The searing ray hits the death yak!
The death yak is severely wounded.
The searing ray misses the death yak.
The searing ray hits the orc wizard!
You kill the orc wizard!
The death yak misses you.
Uskayaw will force your foes to share their pain.
Uskayaw links your audience in an emotional bond!
The searing ray misses the death yak.
The searing ray hits the death yak!
The death yak is lightly wounded.
You finish channeling your searing ray.
The death yak gores you!!
Ouch! That really hurt!
You die...

#############
............######
########.........# #
#.##.####.# # #.##.# #.#
# #.##.# #.# # ###.##.##
#.# # #........# #.#
#####.##.##..# #@#
......##.##..# #Y#
)#######.##..# #Y#
..........#..# #)#
.)...........###)#
)#######.........#######
)# ##....###.......# .#
#.#### #)#####o# .#####
#. ...


You could see 2 death yaks.

Vanquished Creatures
  Sigmund (D:3)
  Duvessa (D:5)
  3 orc warriors
  2 phantoms
  3 ogres
  A big kobold (D:5)
  Blork the orc (D:4)
  2 elf zombies (Ossuary)
  2 bullfrogs
  2 gnoll sergeants (D:7)
  Dowan (D:5)
  A howler monkey (D:4)
  2 wights (D:7)
  3 hounds (D:6)
  2 jellies
  3 orc priests
  A bullfrog skeleton (D:6)
  8 orc wizards
  An iguana (D:5)
  4 worker ants
  A killer bee zombie (D:7)
  A hound zombie (Ossuary)
  A hound skeleton (D:6)
  4 mummies (Ossuary)
  A howler monkey zombie (D:7)
  Robin (D:2)
  11 adders
  4 gnolls (D:4)
  A shadow imp (D:6)
  An ufetubus (D:6)
  4 oozes
  4 adder skeletons
  An adder zombie (Ossuary)
  9 worms
  9 leopard geckos
  25 orcs
  11 giant cockroaches
  15 goblins
  7 hobgoblins
  25 jackals
  7 kobolds
  3 quokkas
  2 ball pythons
  8 bats
  5 frilled lizards
  A gnoll zombie (Ossuary)
  A hobgoblin zombie (Ossuary)
  2 jackal zombies (Ossuary)
  A kobold zombie (Ossuary)
  3 leopard gecko skeletons
  2 orc zombies (Ossuary)
  A quokka skeleton (D:4)
  A rat (D:2)
  A rat zombie (Ossuary)
218 creatures vanquished.

Vanquished Creatures (others)
  A plant (D:7)
1 creature vanquished.

Grand Total: 219 creatures vanquished

Notes
Turn   | Place    | Note
-------+----------+-------------------------------------------
     0 | D:1      | Lanoc the Deep Elf Conjurer began the quest for the Orb.
     0 | D:1      | Reached XP level 1. HP: 10/10 MP: 6/6
   279 | D:2      | Reached XP level 2. HP: 15/15 MP: 6/8
   293 | D:2      | Learned a level 2 spell: Searing Ray
   304 | D:3      | Noticed Robin
   315 | D:2      | Killed Robin
   315 | D:2      | Reached skill level 5 in Conjurations
   554 | D:3      | Reached XP level 3. HP: 19/19 MP: 1/9
   914 | D:3      | Reached XP level 4. HP: 24/24 MP: 6/10
  1303 | D:3      | Noticed Sigmund
  1309 | D:3      | Killed Sigmund
  1309 | D:3      | Reached skill level 6 in Conjurations
  1309 | D:3      | Reached XP level 5. HP: 28/28 MP: 7/11
  1476 | D:3      | Reached skill level 7 in Conjurations
  1480 | D:3      | Reached XP level 6. HP: 14/32 MP: 1/12
  1676 | D:4      | Noticed Blork the orc
  1775 | D:4      | Reached skill level 5 in Dodging
  2136 | D:4      | Reached skill level 8 in Conjurations
  2136 | D:4      | Reached XP level 7. HP: 36/36 MP: 5/13
  2172 | D:4      | Killed Blork the orc
  2520 | D:4      | Reached skill level 9 in Conjurations
  2638 | D:5      | Entered Level 5 of the Dungeon
  2753 | D:5      | Noticed a -3 hand axe
  2757 | D:5      | Noticed a +0 hand axe
  2787 | D:5      | Found a hide-covered altar of Uskayaw.
  2798 | D:5      | Reached XP level 8. HP: 37/41 MP: 8/14
  2804 | D:5      | Became a worshipper of Uskayaw the Reveler
  2826 | D:5      | Reached * piety under Uskayaw
  2827 | D:5      | Reached skill level 1 in Invocations
  2828 | D:5      | Reached ** piety under Uskayaw
  2829 | D:5      | Reached *** piety under Uskayaw
  2837 | D:5      | Noticed Dowan
  2843 | D:5      | Noticed Duvessa
  2869 | D:5      | Killed Duvessa
  2870 | D:5      | Killed Dowan
  2928 | D:5      | Found a glowing drain.
  2945 | Sewer    | Entered a sewer
  3904 | D:5      | Reached skill level 10 in Conjurations
  4105 | D:5      | Got a twisted robe
  4116 | D:5      | Identified the +0 robe of Kikubaaqudgha's Fury {rCorr} (You
                  | found it on level 5 of the Dungeon)
  4214 | D:6      | Found a sand-covered staircase.
  4223 | Ossuary  | Entered an ossuary
  4249 | Ossuary  | Reached **** piety under Uskayaw
  4668 | D:6      | Gained mutation: You are clumsy. (Dex -2) [potion of
                  | mutation]
  4668 | D:6      | Gained mutation: You have large cloven feet. [potion of
                  | mutation]
  4670 | D:6      | Lost mutation: You have large cloven feet. [potion of
                  | mutation]
  4670 | D:6      | Lost mutation: You are clumsy. (Dex -2) [potion of
                  | mutation]
  4670 | D:6      | Gained mutation: Your spells are a little harder to cast,
                  | but a little more powerful. [potion of mutation]
  4670 | D:6      | Gained mutation: You have a pair of small horns on your
                  | head. [potion of mutation]
  5482 | D:7      | Reached XP level 9. HP: 45/45 MP: 12/15
  5792 | D:7      | Reached skill level 5 in Invocations
  5979 | D:7      | Reached ***** piety under Uskayaw
  6332 | D:7      | Found a staircase to the Ecumenical Temple.
  6345 | D:7      | Reached skill level 11 in Conjurations
  6413 | Temple   | Entered the Ecumenical Temple
  6756 | D:8      | Noticed a death yak
  6756 | D:8      | Noticed a death yak
  6771 | D:8      | Slain by a death yak

Illustrated notes

Levels and vault maps discovered:
D:1:      dpeg_arrival_lava_altar, layout_loops_ring
D:2:      layout_loops_cross, chequers_ecumenical_altar_twisty, serial_glass,
          glass_columns_a, glass_columns_b
D:3:      layout_basic, uniq_robin, uniq_sigmund
D:4:      layout_basic, moated_statue, uniq_blork_the_orc
D:5:      layout_rooms, dancing_weapons_uskayaw, gup_sewer_entry_pipe,
          uniq_duvessa
D:6:      layout_basic, lightli_ossuary_entry_decrepit_ruins
D:7:      layout_rooms, minmay_temple_entry_junction, serial_bayou_pond_b,
          sword_in_stone
D:8:      layout_loops_ring, dpeg_lair_monsters, st_stairs_4
Temple:   compressed_dpeg_circular_temple

Skill      XL: |  1  2  3  4  5  6  7  8  9 |
---------------+----------------------------+-----
Dodging        | 3 4 5 6 7 8 |  8.4
Conjurations   | 5 6 7 8 9 10 11 | 11.1
Invocations    | 4 6 |  6.2
Stealth        | |  2.4
Spellcasting   | |  3.0

Action                   |  1- 3 |  4- 6 |  7- 9 || total
-------------------------+-------+-------+-------++-------
Melee: Dagger            |    31 |    19 |    71 ||   121
       Headbutt          |       |       |     2 ||     2
 Cast: Magic Dart        |    32 |    36 |    75 ||   143
       Searing Ray       |     6 |    15 |    72 ||    93
  Use: Scroll            |       |       |    19 ||    19
       Potion            |       |       |     5 ||     5
 Stab: Sleeping          |       |     1 |     1 ||     2
Armor: Robe              |     9 |     2 |    17 ||    28
Dodge: Dodged            |    26 |    29 |   121 ||   176

Table legend: (Time is in decaauts)
 A = Elapsed time spent in this place.
 B = Non-inter-level travel time spent in this place.
 C = Inter-level travel time spent in this place.
 D = Time resting spent in this place.
 E = Time spent auto-exploring this place.
 F = Levels seen in this place.
 G = Mean time per level.
                   A        B        C        D        E       F      G
               +--------+--------+--------+--------+--------+-----+--------+
         Total |   6906 |   6703 |    203 |      0 |   5222 |  11 |  627.8 |
       Dungeon |   5343 |   5154 |    189 |      0 |   4070 |   8 |  667.9 |
        Temple |     92 |     78 |     14 |      0 |     77 |   1 |   92.0 |
         Sewer |   1032 |   1032 |      0 |      0 |    877 |   1 | 1032.0 |
       Ossuary |    437 |    437 |      0 |      0 |    198 |   1 |  437.0 |
               +--------+--------+--------+--------+--------+-----+--------+

Top non-repeatable levels by time:
     D:3: 1159 daAuts
     D:7: 1121 daAuts
   Sewer: 1032 daAuts
     D:4: 941 daAuts
     D:6: 755 daAuts
     D:5: 620 daAuts
 Ossuary: 437 daAuts
     D:2: 371 daAuts
     D:8: 207 daAuts
     D:1: 166 daAuts
  Temple: 92 daAuts
